 Dungeon Crawl Stone Soup version 0.19.4 (webtiles) character file.

215388 Naow the Eclecticist (level 18, -5/119 HPs)
             Began as a Deep Elf Fire Elementalist on Feb 5, 2017.
             Was the Champion of Vehumet.
             Slain by a naga warrior
             ... wielding a +0 battleaxe
              (24 damage)
             ... on level 4 of the Snake Pit on Feb 6, 2017.
             The game lasted 02:36:14 (45268 turns).

Naow the Eclecticist (Deep Elf Fire Elementalist)  Turns: 45268, Time: 02:36:15

Health: -5/119     AC: 15    Str:  6    XL:     18   Next: 33%
Magic:  35/57      EV: 22    Int: 28    God:    Vehumet [******]
Gold:   1517       SH:  0    Dex: 18    Spells: 13 memorised, 11 levels left

rFire  + . .     SeeInvis +     j - staff of power
rCold  . . .     Gourm    .     U - +2 robe {rC+}
rNeg   . . .     Faith    .     (no shield)
rPois  +         Spirit   .     b - +2 helmet {SInv}
rElec  .         Reflect  .     f - +1 cloak
rCorr  .         Harm     .     m - +2 pair of gloves {Dex+3}
MR     +....                    D - +2 pair of boots {Fly}
Stlth  ++++......               Z - amulet of magic regeneration
                                J - ring of fire
                                p - ring of poison resistance

@: lethally poisoned (-5 -> -8), flying, constricted, invisible
A: no striking features
a: Renounce Religion, Stop Flying
}: 1/15 runes: decaying


You were on level 4 of the Snake Pit.
You worshipped Vehumet.
Vehumet was exalted by your worship.
You were near starving.

You visited 6 branches of the dungeon, and saw 32 of its levels.

You collected 3410 gold pieces.
You spent 1893 gold pieces at shops.

Inventory:

Hand Weapons
 y - a +2 short sword of venom
Armour
 a - a +2 shield
 b - a +2 helmet of see invisible (worn)
 f - a +1 cloak (worn)
 m - a +2 pair of gloves of dexterity (worn)
 D - a +2 pair of boots of flying (worn)
 U - a +2 robe of cold resistance (worn)
 Y - a +2 robe of magic resistance
Magical Staves
 j - an uncursed staff of power (weapon)
Jewellery
 p - a ring of poison resistance (left hand)
 G - an uncursed ring of protection from magic
 J - a ring of fire (right hand)
 W - an uncursed ring of protection from cold
 Z - an amulet of magic regeneration (around neck)
Wands
 u - a wand of digging (22/24)
 R - a wand of digging (10/24)
Scrolls
 g - 14 scrolls of remove curse
 i - 2 scrolls of enchant weapon
 n - 5 scrolls of identify
 t - a scroll of amnesia
 v - 3 scrolls of fog
 E - 5 scrolls of fear
 H - 2 scrolls of recharging
 P - 11 scrolls of teleportation
 Q - 3 scrolls of magic mapping
Potions
 h - a potion of ambrosia
 k - 18 potions of curing
 q - a potion of berserk rage {unknown}
 r - 2 potions of agility
 s - 3 potions of lignification
 w - 9 potions of flight
 x - 2 potions of resistance
 z - a potion of magic
 A - 4 potions of might
 B - a potion of cancellation {unknown}
 M - 6 potions of haste
 O - 5 potions of brilliance
Books
 e - a book of Summonings

   Spells                             Type                      Level
   a - Recall                         Summoning/Translocation      3
   b - Aura of Abjuration             Summoning                    5
   c - Summon Demon                   Summoning                    5
   d - Summon Forest                  Summoning/Translocation      5
   e - Summon Mana Viper              Hexes/Summoning              5
   f - Shadow Creatures               Summoning                    6
 F - the Reference Book on Displacement and the Frostbite
   (You found it on level 13 of the Dungeon)

   Spells                             Type                      Level
   a - Shroud of Golubria             Charms/Translocation         2
   b - Throw Frost                    Conjuration/Ice              2
   c - Ozocubu's Armour               Charms/Ice                   3
 I - a book of the Tempests

   Spells                             Type                      Level
   a - Static Discharge               Conjuration/Air              3
   b - Lightning Bolt                 Conjuration/Air              5
   c - Fireball                       Conjuration/Fire             5
   d - Tornado                        Air                          9
   e - Shatter                        Earth                        9
 K - a book of Geomancy

   Spells                             Type                      Level
   a - Sandblast                      Earth                        1
   b - Passwall                       Transmutation/Earth          2
   c - Stone Arrow                    Conjuration/Earth            3
   d - Petrify                        Transmutation/Earth          4
   e - Lee's Rapid Deconstruction     Earth                        5
 S - a book of Debilitation

   Spells                             Type                      Level
   a - Corona                         Hexes                        1
   b - Slow                           Hexes                        2
   c - Gell's Gravitas                Hexes/Translocation          3
   d - Inner Flame                    Hexes/Fire                   3
   e - Cause Fear                     Hexes                        4
   f - Leda's Liquefaction            Hexes/Earth                  4
Comestibles
 c - 19 bread rations
 l - 28 beef jerkies
 C - 10 fruits
 L - 10 meat rations
 V - 4 slices of pizza
 X - a royal jelly


   Skills:
 * Level 15.0 Fighting
 - Level 16.2 Dodging
 - Level 9.4 Stealth
 + Level 18.8 Spellcasting
 + Level 14.4 Conjurations
 + Level 13.8 Fire Magic
 - Level 5.6 Poison Magic


You had 11 spell levels left.
You knew the following spells:

 Your Spells              Type           Power        Failure   Level  Hunger
a - Flame Tongue          Conj/Fire      #####        0%          1    None
b - Throw Flame           Conj/Fire      ######       0%          2    None
c - Conjure Flame         Conj/Fire      ########     0%          3    None
d - Sticky Flame          Conj/Fire      ########     1%          4    None
e - Fireball              Conj/Fire      ########..   1%          5    None
f - Shock                 Conj/Air       ####         1%          1    None
g - Ignite Poison         Fire/Tmut/Pois #######.     1%          3    None
h - Olgreb's Toxic Radia  Pois           ######..     1%          4    None
i - Mephitic Cloud        Conj/Pois/Air  ######..     1%          3    None
j - Venom Bolt            Conj/Pois      ######....   1%          5    None
k - Throw Icicle          Conj/Ice       ######..     1%          4    None
l - Repel Missiles        Chrm/Air       ####..       2%          2    None
m - Iron Shot             Conj/Erth      ######....   4%          6    ##.....


Dungeon Overview and Level Annotations

Branches:
Dungeon (15/15)            Temple (1/1) D:5            Lair (6/6) D:11
  Swamp (4/4) Lair:4        Snake (4/4) Lair:2        Slime (0/5) Lair:5
    Orc (2/2) D:11            Elf (0/3) Orc:2        Vaults (0/5) D:13
 Depths (0/5) D:15

Altars:
Ashenzari
Cheibriados
Elyvilon
Fedhas
Gozag
Hepliaklqana
Kikubaaqudgha
Nemelex Xobeh
Okawaru
Qazlal
Ru
Sif Muna
Uskayaw
Vehumet
Xom
Yredelemnul
Zin
The Shining One
Beogh

Shops:
D:7 (   D:12 %**!%   D:13 =   Orc:1 =   Orc:2 **%!   Snake:3 ?

Portals:
Trove: D:12 (give wand of heal wounds (9))

Annotations:
D:7 ghwc's ghost, novice GrEE


Message History

The naga warrior hits you with a battleaxe!
* * * LOW HITPOINT WARNING * * *
The naga warrior grabs you.
* * * LOW HITPOINT WARNING * * *
The naga warrior constricts you.
The naga sharpshooter unwields an uncursed hand axe.
The naga sharpshooter wields an uncursed longbow.
The naga sharpshooter shoots an arrow.
The arrow misses you.
The arrow misses the anaconda.
The anaconda is engulfed in roaring flames.
The anaconda bites you.
* * * LOW HITPOINT WARNING * * *
The sea snake bites you.
* * * LOW HITPOINT WARNING * * *
You fade into invisibility!
You feel sick.
The sea snake burns!
The naga sharpshooter burns!
The anaconda is engulfed in roaring flames.
The sea snake completely misses you.
The naga warrior hits you with a battleaxe!!
You die...

...SS####.............#
.NNS<# #....#........#
..NSS# ##...#(########
.N...# .....#[.##
N##.##.......†.).#
###...........)..#
N#####.........SS#
...## .........#§#####
..#.# ##......#@N...#
..#.# #......#NS...#
..#.# #......#.....#
...## #......#.....#
.## +......#.....# ####
#......#.....# ...#
#######..# ...NN#
#........# N.S#...
#.###################


You could see a naga warrior, a naga sharpshooter (burning), a sea snake
(burning), an anaconda (wandering) and a guardian serpent.

Vanquished Creatures
  Mara (Snake:3)
  Saint Roka (Snake:3)
  Vashnia (Snake:3)
  A tentacled monstrosity (Swamp:3)
  Rupert (Lair:6)
  A nagaraja (Snake:2)
  3 thorn hunters
  Aizul (Snake:4)
  3 very ugly things (Swamp:4)
  2 stone giants (Orc:2)
  Snorg (Lair:6)
  2 fire dragons
  2 green deaths (Swamp:4)
  2 death oozes (Swamp:4)
  A yaktaur captain (D:15)
  19 hydras
  2 ghost crabs
  A hell beast (Swamp:4)
  10 anacondas
  3 centaur warriors
  5 naga warriors
  11 alligators
  An ogre mage (D:13)
  6 shock serpents
  4 death yaks
  A thrashing horror (Swamp:4)
  12 naga sharpshooters
  A fire crab (Lair:5)
  2 deep elf knights (D:12)
  2 salamander mystics
  A large abomination (Swamp:4)
  4 sea snakes (Snake:1)
  A shambling mangrove (Swamp:1)
  6 naga ritualists
  2 deep elf archers (D:12)
  8 swamp dragons
  4 hill giants
  10 ugly things
  An oklob plant (D:11)
  7 mana vipers
  10 orc sorcerers
  5 orc knights
  19 deep elf magi
  11 salamanders
  A cyclops (D:15)
  4 manticores
  16 elephants
  44 black mambas
  3 guardian serpents
  3 gargoyles
  A torpor snail (Lair:3)
  3 orange demons (Swamp:4)
  9 naga magi
  16 spiny frogs
  A yaktaur (D:15)
  5 rime drakes
  2 freezing wraiths (D:15)
  A kobold demonologist (D:11)
  5 komodo dragons
  9 trolls
  9 polar bears
  A queen bee (D:11)
  8 hornets
  19 slime creatures
  9 two-headed ogres
  7 tyrant leeches
  10 bog bodies
  8 hippogriffs
  4 raiju (Lair:6)
  28 blink frogs
  4 spriggans
  2 shadows (Swamp:4)
  2 wyverns
  A yak (shapeshifter) (D:13)
  49 yaks
  A vampire (D:14)
  2 hungry ghosts
  2 steam dragons
  3 wraiths
  2 basilisks (Lair:2)
  Grum (D:11)
  2 mottled dragons (Lair:6)
  24 vampire mosquitoes
  14 wargs
  18 swamp worms
  5 insubstantial wisps (Swamp:1)
  29 nagas
  4 hell hounds (Lair:6)
  16 water moccasins
  13 porcupines
  24 orc warriors
  6 swamp drakes
  6 ice beasts
  14 black bears
  2 hornet zombies
  4 sky beasts
  10 ogres
  4 phantoms
  15 wolves
  16 crocodiles
  11 centaurs
  2 big kobolds
  26 bullfrogs
  A gnoll sergeant (D:8)
  2 scorpions (D:7)
  A wyvern skeleton (D:6)
  30 killer bees
  9 wights
  7 howler monkeys
  4 electric eels
  8 crimson imps
  3 centaur zombies
  5 bullfrog zombies
  3 quasits
  6 centaur skeletons
  18 hounds
  7 jellies
  A bullfrog skeleton (D:10)
  A gnoll shaman (D:9)
  15 orc priests
  51 orc wizards
  6 iguanas
  8 worker ants
  A killer bee zombie (D:8)
  A hound zombie (D:6)
  A hound skeleton (D:11)
  A worker ant zombie (D:11)
  19 adders
  10 gnolls
  3 shadow imps
  4 oozes
  An adder skeleton (D:6)
  3 worms
  A dart slug (D:2)
  9 leopard geckos
  122 orcs
  3 bats
  9 giant cockroaches
  7 goblins
  13 hobgoblins
  8 jackals
  14 kobolds
  A quokka (D:3)
  9 ball pythons
  4 frilled lizards
  2 quokka skeletons (D:9)
  3 rats
  4 fungi
  9 plants
1200 creatures vanquished.

Vanquished Creatures (others)
  A komodo dragon (Lair:6)
  13 fungi
  22 plants
36 creatures vanquished.

Grand Total: 1236 creatures vanquished

Notes
Turn   | Place    | Note
-------+----------+-------------------------------------------
     0 | D:1      | Naow the Deep Elf Fire Elementalist began the quest for the Orb.
     0 | D:1      | Reached XP level 1. HP: 10/10 MP: 6/6
   273 | D:1      | Reached XP level 2. HP: 15/15 MP: 6/8
  1061 | D:2      | Reached XP level 3. HP: 16/19 MP: 4/9
  1619 | D:2      | Learned a level 2 spell: Throw Flame
  1623 | D:2      | Learned a level 3 spell: Conjure Flame
  1730 | D:2      | Reached XP level 4. HP: 24/24 MP: 8/11
  1790 | D:2      | Learned a level 4 spell: Sticky Flame
  2537 | D:3      | Reached skill level 1 in Fighting
  2587 | D:3      | Reached skill level 4 in Spellcasting
  2822 | D:3      | Noticed a centaur
  2829 | D:3      | Killed a centaur
  2829 | D:3      | Reached XP level 5. HP: 19/29 MP: 6/13
  3564 | D:4      | Reached skill level 5 in Spellcasting
  3648 | D:4      | Reached XP level 6. HP: 34/34 MP: 11/15
  4191 | D:5      | Entered Level 5 of the Dungeon
  4421 | D:5      | Found a staircase to the Ecumenical Temple.
  4706 | D:5      | Reached skill level 5 in Fire Magic
  4729 | Temple   | Entered the Ecumenical Temple
  4884 | Temple   | Became a worshipper of Vehumet
  5225 | D:6      | Reached skill level 6 in Spellcasting
  5225 | D:6      | Reached XP level 7. HP: 21/39 MP: 7/18
  5548 | D:6      | Reached skill level 5 in Conjurations
  5697 | D:6      | Found a glowing drain.
  5913 | D:6      | Learned a level 5 spell: Fireball
  6127 | D:6      | Reached * piety under Vehumet
  6127 | D:6      | Offered knowledge of Shock by Vehumet.
  6219 | D:6      | Reached skill level 7 in Spellcasting
  6219 | D:6      | Reached XP level 8. HP: 45/45 MP: 14/20
  6448 | D:6      | Noticed a troll
  6466 | D:6      | Killed a troll
  6466 | D:6      | Reached skill level 8 in Spellcasting
  6903 | D:7      | Found a snail-covered altar of Cheibriados.
  7006 | D:7      | Noticed ghwc's ghost (novice GrEE)
  7311 | D:7      | Reached XP level 9. HP: 38/51 MP: 10/23
  7553 | D:7      | Learned a level 1 spell: Shock
  7603 | D:7      | Reached skill level 9 in Spellcasting
  7750 | D:7      | Found a blossoming altar of Fedhas.
  7806 | D:7      | Found Xoss's Weapon Shop.
  8465 | D:8      | Offered knowledge of Magic Dart by Vehumet.
  8469 | D:8      | Reached ** piety under Vehumet
  8832 | D:8      | Noticed a centaur warrior
  9307 | D:7      | Reached skill level 10 in Spellcasting
  9638 | D:7      | Reached XP level 10. HP: 34/56 MP: 10/26
 10211 | D:8      | Noticed a manticore
 10219 | D:8      | Killed a manticore
 10523 | D:8      | Killed a centaur warrior
 10523 | D:8      | Reached skill level 5 in Dodging
 10794 | D:8      | Offered knowledge of Dazzling Spray by Vehumet.
 10837 | D:8      | Reached skill level 11 in Spellcasting
 11095 | D:9      | Found a white marble altar of Elyvilon.
 11888 | D:9      | Reached *** piety under Vehumet
 12375 | D:10     | Entered Level 10 of the Dungeon
 12552 | D:10     | Reached skill level 10 in Fire Magic
 12797 | D:10     | Offered knowledge of Fulminant Prism by Vehumet.
 13168 | D:10     | Reached XP level 11. HP: 62/62 MP: 20/28
 13807 | D:11     | Found a roughly hewn altar of Beogh.
 13810 | D:11     | Noticed Grum
 13813 | D:11     | Noticed an orc knight
 13869 | D:11     | Reached **** piety under Vehumet
 13876 | D:11     | Reached skill level 5 in Fighting
 13876 | D:11     | Reached skill level 12 in Spellcasting
 13876 | D:11     | Reached skill level 10 in Conjurations
 14103 | D:11     | Offered knowledge of Ignite Poison by Vehumet.
 14108 | D:11     | Learned a level 3 spell: Ignite Poison
 14113 | D:11     | Learned a level 4 spell: Olgreb's Toxic Radiance
 14117 | D:11     | Learned a level 3 spell: Mephitic Cloud
 14123 | D:11     | Learned a level 5 spell: Venom Bolt
 14141 | D:11     | Noticed an oklob plant
 14234 | D:11     | Reached skill level 1 in Poison Magic
 14287 | D:11     | Killed Grum
 15327 | D:11     | Reached ***** piety under Vehumet
 15338 | D:11     | Killed an oklob plant
 15486 | D:11     | Found a staircase to the Lair.
 15711 | D:11     | Killed an orc knight
 15711 | D:11     | Offered knowledge of Bolt of Draining by Vehumet.
 15775 | D:11     | Found a staircase to the Orcish Mines.
 16240 | Orc:1    | Entered Level 1 of the Orcish Mines
 16322 | Orc:1    | Found Ynotaop's Jewellery Shop.
 16333 | Orc:1    | Bought an uncursed amulet of magic regeneration for 450 gold pieces
 16467 | Orc:2    | Entered Level 2 of the Orcish Mines
 16478 | Orc:2    | Noticed an orc sorcerer
 16480 | Orc:2    | Killed an orc sorcerer
 16480 | Orc:2    | Reached skill level 5 in Poison Magic
 16494 | Orc:2    | Noticed a stone giant
 16910 | Lair:1   | Entered Level 1 of the Lair of Beasts
 17101 | Lair:1   | Reached XP level 12. HP: 69/69 MP: 30/30
 17681 | Lair:2   | Found a staircase to the Snake Pit.
 18829 | Lair:3   | Reached skill level 13 in Spellcasting
 18920 | Lair:3   | Reached skill level 10 in Dodging
 19080 | Lair:3   | Noticed a four-headed hydra
 19088 | Lair:3   | Killed a four-headed hydra
 19912 | Lair:3   | Reached XP level 13. HP: 76/78 MP: 32/32
 20220 | Lair:4   | Found a staircase to the Swamp.
 21329 | Lair:4   | Offered knowledge of Throw Icicle by Vehumet.
 22238 | Lair:5   | Reached skill level 14 in Spellcasting
 22330 | Lair:5   | Found a staircase to the Slime Pits.
 22833 | Lair:6   | Entered Level 6 of the Lair of Beasts
 22876 | Lair:6   | Noticed Rupert
 22881 | Lair:6   | Killed Rupert
 22890 | Lair:6   | Noticed Snorg
 22995 | Lair:6   | Killed Snorg
 23087 | Lair:6   | Reached XP level 14. HP: 86/86 MP: 34/34
 23842 | Lair:6   | Learned a level 4 spell: Throw Icicle
 24028 | Lair:6   | Identified a scroll of acquirement
 24031 | Lair:6   | Got a pair of ichor-stained boots
 24042 | Lair:6   | Identified the -3 pair of boots of the Beginning {Regen+ Str+6 Dex+9 Slay-5} (You acquired it on level 6 of the Lair of Beasts)
 24053 | Lair:6   | Got a translucent amethyst amulet
 24594 | Lair:6   | Reached ****** piety under Vehumet
 24821 | Lair:6   | Reached skill level 10 in Fighting
 25614 | Lair:6   | Identified the amulet of Zaton {Gourm Int+2} (You found it on level 6 of the Lair of Beasts)
 25928 | Orc:2    | Killed a stone giant
 25944 | Orc:2    | Offered knowledge of Bolt of Fire by Vehumet.
 26136 | Orc:2    | Reached skill level 15 in Spellcasting
 26425 | Orc:2    | Found a roughly hewn altar of Beogh.
 26555 | Orc:2    | Found Xuptuane's Assorted Antiques.
 26555 | Orc:2    | Found Wecoozo's Assorted Antiques.
 26567 | Orc:2    | Bought a scroll of teleportation for 75 gold pieces
 26576 | Orc:2    | Bought a pair of runed gloves for 241 gold pieces
 26576 | Orc:2    | Bought a potion of heal wounds for 115 gold pieces
 26753 | Orc:2    | Found Menaocs's Food Emporium.
 26753 | Orc:2    | Found Gere Vestef's Distillery.
 26771 | Orc:2    | Bought a potion of curing for 39 gold pieces
 26771 | Orc:2    | Bought a potion of curing for 39 gold pieces
 26771 | Orc:2    | Bought a potion of heal wounds for 65 gold pieces
 26771 | Orc:2    | Bought a potion of curing for 39 gold pieces
 26771 | Orc:2    | Bought a potion of curing for 39 gold pieces
 26771 | Orc:2    | Bought a potion of curing for 39 gold pieces
 26832 | Orc:2    | Found a staircase to the Elven Halls.
 26873 | Orc:2    | Noticed a stone giant
 26877 | Orc:2    | Killed a stone giant
 27366 | Orc:1    | Offered knowledge of Bolt of Magma by Vehumet.
 27586 | D:12     | Found Wotrifot's Food Shop.
 27590 | D:12     | Reached skill level 15 in Dodging
 27729 | D:12     | Found Hest's Distillery.
 27732 | D:12     | Bought a potion of curing for 39 gold pieces
 27732 | D:12     | Bought a potion of resistance for 130 gold pieces
 27732 | D:12     | Bought a potion of heal wounds for 65 gold pieces
 27732 | D:12     | Bought a potion of curing for 39 gold pieces
 27785 | D:12     | Found Maisoz's General Store.
 27998 | D:12     | Reached XP level 15. HP: 80/93 MP: 36/36
 29067 | D:12     | Offered knowledge of Delayed Fireball by Vehumet.
 29213 | D:12     | Found Ositokuf's Assorted Antiques.
 29221 | D:12     | Bought a pair of embroidered boots for 273 gold pieces
 29221 | D:12     | Bought a scroll of teleportation for 78 gold pieces
 29273 | D:12     | Found a portal to a secret trove of treasure.
 29298 | D:12     | Found Ifeunuxo's Food Boutique.
 29860 | D:13     | Found a gate to the Vaults.
 29881 | D:13     | Identified the Reference Book on Displacement and the Frostbite
 29886 | D:13     | Learned a level 2 spell: Repel Missiles
 30129 | D:13     | Found Vucosoez's Jewellery Shoppe.
 31158 | D:14     | Found a shattered altar of Ashenzari.
 31313 | D:15     | Entered Level 15 of the Dungeon
 31323 | D:15     | Reached skill level 16 in Spellcasting
 31679 | D:15     | Found a glowing golden altar of the Shining One.
 32351 | D:15     | Found a staircase to the Depths.
 32946 | Swamp:1  | Entered Level 1 of the Swamp
 32951 | Swamp:1  | Offered knowledge of Poisonous Cloud by Vehumet.
 33618 | Swamp:1  | Reached XP level 16. HP: 101/101 MP: 38/38
 34334 | Swamp:2  | Found a blossoming altar of Fedhas.
 34610 | Swamp:2  | Noticed a thorn hunter
 34612 | Swamp:2  | Killed a thorn hunter
 35828 | Swamp:3  | Noticed a tentacled monstrosity
 35837 | Swamp:3  | Killed a tentacled monstrosity
 35837 | Swamp:3  | Reached skill level 17 in Spellcasting
 36273 | Swamp:3  | Offered knowledge of Iron Shot by Vehumet.
 36495 | Swamp:3  | Learned a level 6 spell: Iron Shot
 36634 | Swamp:4  | Entered Level 4 of the Swamp
 36693 | Swamp:4  | Reached skill level 5 in Stealth
 37198 | Swamp:4  | Noticed a thorn hunter
 37201 | Swamp:4  | Killed a thorn hunter
 37274 | Swamp:4  | Noticed a thorn hunter
 37276 | Swamp:4  | Killed a thorn hunter
 38061 | Swamp:4  | Offered knowledge of Fire Storm by Vehumet.
 38061 | Swamp:4  | Offered knowledge of Glaciate by Vehumet.
 38061 | Swamp:4  | Offered knowledge of Shatter by Vehumet.
 38064 | Swamp:4  | Reached XP level 17. HP: 109/109 MP: 25/40
 38371 | Swamp:4  | Got a decaying rune of Zot
 38584 | Snake:1  | Entered Level 1 of the Snake Pit
 40527 | Snake:2  | Reached skill level 18 in Spellcasting
 42039 | Snake:3  | Noticed Mara
 42040 | Snake:3  | Noticed Saint Roka
 42674 | Snake:3  | Killed Saint Roka
 42966 | Snake:3  | Noticed Naow's illusion
 43222 | Snake:3  | Noticed Vashnia
 43233 | Snake:3  | HP: 4/112 [naga sharpshooter/arrow[Vashnia] (15)]
 43236 | Snake:3  | Killed Vashnia
 43236 | Snake:3  | Reached XP level 18. HP: 36/117 MP: 24/42
 43943 | Snake:3  | Noticed Naow's illusion
 44075 | Snake:3  | Killed Mara
 44182 | Snake:3  | Found Eliurchifui's Magic Scroll Shoppe.
 44192 | Snake:3  | Bought a scroll of identify for 32 gold pieces
 44192 | Snake:3  | Bought a scroll of teleportation for 48 gold pieces
 44192 | Snake:3  | Bought a scroll of teleportation for 48 gold pieces
 44242 | Snake:4  | Entered Level 4 of the Snake Pit
 44673 | Snake:4  | Noticed Aizul
 44699 | Snake:3  | HP: 5/118 [poisoned by Aizul (bolt of poison)]
 44705 | Snake:3  | HP: 4/118 [poisoned by Aizul (bolt of poison)]
 44711 | Snake:3  | HP: 4/118 [poisoned by Aizul (bolt of poison)]
 44719 | Snake:3  | HP: 4/118 [poisoned by Aizul (bolt of poison)]
 45265 | Snake:4  | Killed Aizul
 45265 | Snake:4  | Reached skill level 15 in Fighting
 45268 | Snake:4  | Slain by a naga warrior

Skill      XL: |  1  2  3  4  5  6  7  8  9 10 11 12 13 14 15 16 17 18 |
---------------+-------------------------------------------------------+-----
Conjurations   | 2 3 4 5 7 8 9 10 11 12 13 14 | 14.4
Fire Magic     | 4 5 6 7 8 10 12 13 | 13.8
Fighting       | 1 2 3 4 5 7 9 10 12 13 14 15 | 15.0
Spellcasting   | 4 5 6 7 8 10 11 12 13 14 15 16 17 18 | 18.8
Dodging        | 4 5 8 11 13 15 16 | 16.2
Poison Magic   | 5 |  5.6
Stealth        | 7 9 |  9.4

Action                   |  1- 3 |  4- 6 |  7- 9 | 10-12 | 13-15 | 16-18 || total
-------------------------+-------+-------+-------+-------+-------+-------++-------
Melee: Unarmed           |     4 |     4 |       |       |       |       ||     8
       Short sword       |       |    24 |       |     1 |       |       ||    25
       Staff             |       |       |       |       |       |     6 ||     6
 Cast: Flame Tongue      |    73 |   119 |   175 |   361 |   601 |   245 ||  1574
       Throw Flame       |     1 |     5 |    40 |    81 |   112 |    68 ||   307
       Sticky Flame      |       |     1 |    28 |    77 |   110 |    73 ||   289
       Fireball          |       |       |    12 |    70 |   264 |   392 ||   738
       Shock             |       |       |     6 |    11 |     3 |       ||    20
       Conjure Flame     |       |       |       |     6 |     1 |     3 ||    10
       Olgreb's Toxic Ra |       |       |       |    26 |    57 |     9 ||    92
       Venom Bolt        |       |       |       |    21 |    43 |    56 ||   120
       Ignite Poison     |       |       |       |    15 |    40 |     3 ||    58
       Mephitic Cloud    |       |       |       |     6 |     8 |       ||    14
       Throw Icicle      |       |       |       |       |    28 |    18 ||    46
       Repel Missiles    |       |       |       |       |     1 |     1 ||     2
Evoke: Wand              |       |       |     1 |       |       |       ||     1
  Use: Scroll            |       |       |       |    23 |    16 |     8 ||    47
       Potion            |       |       |       |       |     1 |     7 ||     8
  Eat: Chunk             |     2 |     9 |    15 |    36 |    46 |    16 ||   124
       Royal jelly       |       |     1 |       |     1 |       |     8 ||    10
       Pizza             |       |       |     1 |     1 |       |       ||     2
       Fruit             |       |       |       |       |       |     1 ||     1
Armor: Robe              |     9 |    36 |     9 |    10 |    47 |    54 ||   165
Dodge: Dodged            |    25 |    85 |    52 |   125 |   311 |   359 ||   957
       Deflected         |       |       |       |       |     1 |     2 ||     3
Block: Other             |       |       |       |     6 |       |       ||     6
